 Dungeon Crawl Stone Soup version 0.30-a0-553-g7fabdf1491 (webtiles) character file.

Game seed: 15848429435765434706

303 scionoferis the Sneak (level 6, -1/32 HPs)
             Began as a Vine Stalker Monk on Dec 26, 2022.
             Engulfed by a steam dragon's steam (11 damage)
             ... on level 4 of the Dungeon.
             The game lasted 00:06:42 (2631 turns).

scionoferis the Sneak (Vine Stalker Monk)           Turns: 2631, Time: 00:06:42

Health: -1/32      AC:  5    Str: 14    XL:     6   Next: 38%
Magic:  0/7        EV: 11    Int: 10    God:
Gold:   162        SH:  0    Dex: 20    Spells: 5/5 levels left

rFire   . . .      SeeInvis .    a - +0 dagger (speed)
rCold   . . .      Faith    .    (no shield)
rNeg    . . .      Spirit   +    e - +0 ring mail
rPois   .          Reflect  .    (no helmet)
rElec   .          Harm     .    (no cloak)
rCorr   .          Rampage  .    (no gloves)
Will    .....                    (no boots)
Stlth   ++++                     (no amulet)
HPRegen 1.05/turn                (no ring)
MPRegen 0.10/turn                (no ring)

@: unable to read
A: fangs 2, regeneration 1, magic shield, antimagic bite, no potion heal 2, thin
skeletal structure 1, inability to read after injury 1
a: no special abilities


You were on level 4 of the Dungeon.
You visited 2 branches of the dungeon, and saw 5 of its levels.

You collected 162 gold pieces.


Innate Abilities, Weirdness & Mutations

You have extremely sharp teeth.
Your natural rate of healing is unusually fast.
When hurt, damage is shared between your health and your magic reserves.
Your bite disrupts and absorbs the magic of your enemies.
Potions cannot restore your health.
You have a somewhat thin skeletal structure. (Dex +2, Stealth+)
You occasionally lose the ability to read scrolls when taking damage.


   Skills:
 - Level 2.6 Fighting
 * Level 4.7 Short Blades
 - Level 2.4 Dodging
 * Level 6.1 Stealth
 + Level 0.7 Evocations


You had 5 spell levels left.
You didn't know any spells.
Your spell library contained the following spells:

 Spells                   Type           Power      Damage    Failure   Level
 Beastly Appendage        Tmut           0%         N/A       61%         1
 Cigotuvi's Dreadful Rot  Necr/Pois/Air  0%         N/A       75%         2
 Wereblood                Tmut           0%         N/A       75%         2
 Inner Flame              Hex/Fire       0%         N/A       93%         3
 Spider Form              Tmut/Pois      0%         N/A       93%         3
 Dispel Undead            Necr           0%         3d6       100%        4
 Flame Wave               Conj/Fire      0%         2d4       100%        4
 Sticky Flame             Conj/Fire      0%         2d3       100%        4
 Death Channel            Necr           0%         N/A       100%        6

Inventory:

Hand Weapons
 a - a +0 dagger of speed (weapon)
   (You found it on level 2 of the Dungeon)
 l - a +0 short sword
Missiles
 g - 9 poisoned darts (quivered)
 p - a throwing net
Armour
 e - a +0 ring mail (worn)
   (You found it on level 1 of the Dungeon)
Magical Staves
 h - a staff of conjuration
   (You found it on level 3 of the Dungeon)
Wands
 n - a wand of mindburst (23)
   (You found it on level 4 of the Dungeon)
Scrolls
 b - 6 scrolls of identify {unknown}
 d - 2 scrolls of teleportation {unknown}
 i - a scroll of fear {unknown}
 k - 2 scrolls of blinking {unknown}
Potions
 c - a potion of ambrosia
 f - a potion of haste {unknown}
 j - a potion of flight {unknown}
 m - a potion of berserk rage {unknown}
 o - a potion of curing

Dungeon Overview and Level Annotations

Branches:
Dungeon (4/15)             Temple (1/1) D:4

Altars:
Cheibriados
Dithmenos
Hepliaklqana
Kikubaaqudgha
Makhleb
Ru
Uskayaw
Vehumet
Yredelemnul

Annotations:
D:2 Sigmund
D:4 1 transporter

#~...#..# ≈.$≈# #.)≈.#8.#
.##.§ #...~#..#≈S⌠.§≈
#§..†#^.#§.$>$§
#.§§.#8Sg.g##..
#~..§#..##≈g.≈# #..§~##wS##
.## ##§§§§#gg.#
#.#..@D##....g. #
#.###§§§###..## ###
#...###...#### #..
##....###..... # ... ..
#......###.####. ... ...
#.............. ... ....
#............# ...
....####............# ....
........###.........####....


You could see a steam dragon (catching breath), an adder and 2 hobgoblins.


Message History

A ball python comes into view.
Found a hand axe.
The ball python hisses angrily.
You closely miss the ball python. Your bite misses the ball python.
The ball python closely misses you. x2
You hit the ball python. Your bite misses the ball python.
The ball python is severely wounded.
The ball python closely misses you. The ball python barely misses you.
You completely miss the ball python. Your bite misses the ball python.
The ball python is severely wounded.
The ball python bites you but does no damage.
The ball python grabs you. The ball python constricts you.
You hit the ball python.
You kill the ball python!
A bat comes into view.
A bat is nearby!
The bat hits you but does no damage. The bat closely misses you.
You hit the bat. You bite the bat.
You kill the bat!
No target in view!
No target in view!
A rat comes into view.
A rat is nearby!
The helpless rat fails to defend itself.
You puncture the rat!
You kill the rat!
No target in view!
You see here a rat corpse.
A kobold comes into view. It is wielding a +0 short sword.
The kobold shouts!
You hit the kobold. You bite the kobold. You drain its power.
The kobold is heavily wounded.
The kobold hits you but does no damage.
You hit the kobold.
You kill the kobold!
No target in view!
A rat comes into view.
A rat is nearby!
The rat closely misses you.
You hit the rat.
You kill the rat!
No target in view!
Found a flail.
Done exploring.
Done exploring.
There is a stone staircase leading down here.
Search for what [Enter for "ring", or ? for help]? d: Unknown command.
You climb downwards.
Found a leather armour.
There is a stone staircase leading up here.
A hobgoblin comes into view.
Found an escape hatch in the floor.
You hit the hobgoblin but do no damage.
You bite the hobgoblin, but do no damage.
You completely miss the hobgoblin. Your bite misses the hobgoblin.
The hobgoblin hits you but does no damage.
You hit the hobgoblin. You bite the hobgoblin. You drain its power.
The hobgoblin is heavily wounded.
The hobgoblin misses you.
You closely miss the hobgoblin.
You bite the hobgoblin, but do no damage.
The hobgoblin is heavily wounded.
The hobgoblin hits you.
You hit the hobgoblin. You bite the hobgoblin.
You kill the hobgoblin!
No target in view!
HP restored.
Found a stone staircase leading down.
A frilled lizard comes into view.
The frilled lizard hisses angrily.
The frilled lizard bites you but does no damage.
You miss the frilled lizard. You bite the frilled lizard.
You kill the frilled lizard!
You have reached level 3!
Your experience leads to an increase in your attributes!
Increase (S)trength, (I)ntelligence, or (D)exterity?
You feel agile. x2
A bat comes into view.
The bat barely misses you.
You miss the bat. The bat misses you. The bat misses you.
The bat barely misses you. The bat hits you but does no damage.
You closely miss the bat. Your bite misses the bat. The bat closely misses you.
The bat hits you but does no damage.
You closely miss the bat. The bat closely misses you.
The bat hits you but does no damage.
No target in view!
No target in view!
No target in view!
The bat closely misses you. The bat closely misses you.
You closely miss the bat. Your bite misses the bat. The bat barely misses you.
The bat barely misses you.
You miss the bat. The bat barely misses you.
You hit the bat.
You kill the bat!
No target in view!
You see here a bat corpse.
A goblin comes into view. It is wielding a +0 club.
A goblin is nearby!
A worm comes into view.
The goblin shouts!
You closely miss the goblin. You bite the goblin.
You kill the goblin!
You hit the worm but do no damage. You bite the worm. You drain its power.
The worm is lightly wounded.
You hit the worm.
The worm is moderately wounded.
The worm bites you!
You hit the worm but do no damage.
The worm is moderately wounded.
You barely miss the worm.
The worm is moderately wounded.
The worm barely misses you.
You hit the worm. Your bite misses the worm.
The worm is moderately wounded.
You hit the worm.
The worm is heavily wounded.
The worm bites you.
You hit the worm.
The worm is severely wounded.
You hit the worm.
The worm is almost dead.
The worm barely misses you.
You hit the worm.
You kill the worm!
No target in view!
No target in view!
Magic restored.
Found a dagger.
You open the door.
You see here a +0 dagger.
Found a sling.
Found a stone staircase leading up.
A frilled lizard comes into view.
Found 6 gold pieces.
An orc priest and 4 orcs come into view.
The orc priest moves out of view. 2 orcs come into view.
An orc is wielding a +1 hand axe of freezing.
Found 3 gold pieces.
The orc shouts! x3
The frilled lizard bites you but does no damage.
You hit the frilled lizard.
You kill the frilled lizard!
No reachable target in view!
No reachable target in view!
There are monsters nearby!
You see here a frilled lizard corpse.
A kobold comes into view. It is wielding a +0 dagger.
There is an open door here.
The kobold shouts!
The kobold throws a stone.
The stone misses you.
A rat comes into view.
Found 6 stones.
The kobold hits you but does no damage.
You hit the kobold.
You kill the kobold!
You hit the rat.
You kill the rat!
No target in view!
You see here a rat corpse.
Found a stone staircase leading down.
You see here a +0 dagger of speed.
You now have 57 gold pieces (gained 10).
Found a leather armour.
You see here a +0 leather armour.
An adder comes into view.
The adder hisses angrily.
You hear a shout! x2
A hobgoblin comes into view.
You completely miss the adder. Your bite misses the adder.
The adder barely misses you.
A kobold comes into view. It is wielding a +0 dagger.
You hit the adder but do no damage. The adder bites you but does no damage.
You barely miss the adder. The adder bites you but does no damage.
You closely miss the adder. The adder bites you.
You hit the adder but do no damage. Your bite misses the adder.
The adder bites you but does no damage.
You barely miss the adder. You bite the adder. You drain its power.
You feel invigorated.
The adder is lightly wounded.
The adder bites you but does no damage.
You hit the adder but do no damage. You bite the adder. You drain its power.
The adder is moderately wounded.
The adder bites you but does no damage. x2
You hit the adder.
The adder is severely wounded.
The adder barely misses you.
You hit the adder.
You kill the adder!
You hit the hobgoblin.
The hobgoblin is moderately wounded.
The hobgoblin closely misses you.
You hit the hobgoblin.
The hobgoblin is severely wounded.
The hobgoblin hits you but does no damage.
You hit the hobgoblin.
The hobgoblin is almost dead.
The hobgoblin closely misses you.
You closely miss the hobgoblin.
The hobgoblin is almost dead.
The hobgoblin hits you but does no damage.
You hit the hobgoblin but do no damage. You bite the hobgoblin.
You kill the hobgoblin!
Found a stone staircase leading down.
The kobold closely misses you.
You see here an adder corpse.
You hit the kobold. You bite the kobold.
You kill the kobold!
A goblin comes into view. It is wielding a +0 club.
A goblin is nearby!
Found a dagger.
The goblin misses you.
You hit the goblin.
You kill the goblin!
No target in view!
You see here a +0 club.
Found a stone staircase leading up.
An adder comes into view.
The adder hisses angrily.
An endoplasm comes into view.
The endoplasm quivers.
You hit the adder.
The adder is heavily wounded.
The adder bites you. The adder misses you.
You hit the adder. Your bite misses the adder.
The adder is severely wounded.
The adder misses you.
You closely miss the adder. Your bite misses the adder.
The adder is severely wounded.
The adder closely misses you.
You hit the adder. You bite the adder.
You kill the adder!
Your Stealth skill increases to level 4!
You hit the endoplasm but do no damage. The endoplasm freezes you.
You are frozen.
You hit the endoplasm.
The endoplasm is heavily wounded.
The endoplasm freezes you.
You are frozen.
You completely miss the endoplasm. You bite the endoplasm.
You kill the endoplasm!
No target in view!
No target in view!
An adder and a hobgoblin come into view.
Found 15 gold pieces.
The adder hisses angrily.
The hobgoblin shouts!
Found a falchion.
You closely miss the adder. Your bite misses the adder.
The adder closely misses you. The adder bites you.
You barely miss the adder. You bite the adder. You drain its power.
The adder is lightly wounded.
The adder bites you.
You hit the adder but do no damage. Your bite misses the adder.
The adder is lightly wounded.
The adder bites you but does no damage.
You closely miss the adder.
The adder is lightly wounded.
The adder completely misses you.
You miss the adder.
The adder is lightly wounded.
The adder bites you but does no damage.
You miss the adder.
The adder is lightly wounded.
The adder bites you but does no damage.
You barely miss the adder. You bite the adder, but do no damage.
The adder is lightly wounded.
The adder bites you.
You closely miss the adder. You bite the adder, but do no damage.
The adder bites you but does no damage.
You miss the adder. The adder misses you.
You hit the adder. Your bite misses the adder.
The adder is lightly wounded.
The adder misses you.
You miss the adder. Your bite misses the adder.
The adder is lightly wounded.
The adder completely misses you.
You miss the adder. You bite the adder. You drain its power.
You feel invigorated.
The adder is moderately wounded.
The adder bites you but does no damage. The adder barely misses you.
You hit the adder. You bite the adder. You drain its power.
The adder is severely wounded.
The adder completely misses you.
You barely miss the adder.
The adder is severely wounded.
The adder closely misses you.
You miss the adder. You bite the adder.
You kill the adder!
You have reached level 4!
You feel stronger.
You begin to heal more quickly.
The hobgoblin hits you.
You hit the hobgoblin. You bite the hobgoblin. You drain its power.
You feel invigorated.
The hobgoblin is almost dead.
The hobgoblin closely misses you.
You hit the hobgoblin.
You kill the hobgoblin!
No target in view!
A kobold comes into view. It is wielding a +0 dagger.
A kobold is nearby!
There is a stone staircase leading up here.
You barely miss the kobold.
The kobold shouts!
Your bite misses the kobold. The kobold hits you but does no damage.
You hit the kobold.
You kill the kobold!
b - 4 scrolls labelled ITUOGA ZETUKHO (gained 2)
You now have 75 gold pieces (gained 18).
You see here a +0 dagger.
i - a pink potion You now have 90 gold pieces (gained 15).
g - 9 poisoned darts (gained 4)
A bat comes into view.
The bat closely misses you.
You completely miss the bat. You bite the bat.
You kill the bat!
No target in view!
A kobold comes into view. It is wielding a +0 dagger.
The helpless kobold fails to defend itself.
You impale the kobold!!
You kill the kobold!
Things that are here:
a +0 dagger; a kobold corpse You open the gate.
An adder comes into view.
Found 9 stones.
There is an open gate here.
The adder hisses angrily.
You miss the adder. The adder bites you but does no damage.
You hit the adder. You bite the adder. You drain its power.
The adder is heavily wounded.
The adder closely misses you.
You hit the adder.
The adder is heavily wounded.
The adder misses you.
You hit the adder.
The adder is almost dead.
The adder closely misses you.
You barely miss the adder.
The adder is almost dead.
The adder misses you.
You hit the adder.
You kill the adder!
j - a lumpy golden potion You now have 103 gold pieces (gained 13).
There is an open gate here.
Things that are here:
a +0 dagger; a kobold corpse
k - a scroll labelled EFAMASTR FYNA You open the door.
There is an open door here.
There is a stone staircase leading down here.
You see here a +0 club.
An orc is nearby!
You hit the orc.
The orc is lightly wounded.
The orc barely misses you.
You hit the orc. Your punch misses the orc. You bite the orc.
You kill the orc!
No target in view!
A ball python comes into view.
The ball python hisses angrily.
A ball python comes into view.
The ball python hisses angrily.
You closely miss the ball python. Your bite misses the ball python.
The ball python bites you but does no damage.
The ball python barely misses you.
You barely miss the ball python. The ball python barely misses you.
The ball python closely misses you.
You hit the ball python but do no damage.
The ball python barely misses you. x2
You hit the ball python.
The ball python is severely wounded.
The ball python closely misses you. The ball python misses you.
The ball python bites you but does no damage.
The ball python barely misses you.
You barely miss the ball python. You bite the ball python.
You kill the ball python!
The ball python barely misses you. The ball python grabs you.
The ball python constricts you.
You hit the ball python. You bite the ball python.
You kill the ball python!
No target in view!
No target in view!
Found a faded altar of an unknown god.
A kobold comes into view. It is wielding a +0 short sword.
The kobold shouts!
The kobold barely misses you.
You closely miss the kobold. The kobold hits you but does no damage.
You hit the kobold.
You kill the kobold!
No target in view!
Sigmund the Dreaded comes into view.
He is wielding a +2 scythe of venom.
Sigmund casts a spell at you.
You are confused.
You bump into the rock wall.
It was a potion of mutation.
You feel extremely strange.
You occasionally lose the ability to read scrolls when taking damage.
Your bones become slightly less dense.
Unknown command.
It was a potion of brilliance.
You feel clever all of a sudden.
It was a potion of curing.
Your system rejects the healing.
You feel better.
Sigmund points at you and mumbles some strange words.
The puff of flame hits you!
Sigmund points at you and mumbles some strange words.
The magic dart hits you!
There is an open door here.
You close the door.
The orc shouts!
You hear a shout!
Sigmund opens the door.
There is a stone staircase leading up here.
You climb upwards.
You feel a little less clever now.
There is a stone staircase leading down here.
There is an open door here.
There is an open door here.
There is a stone staircase leading down here.
You climb downwards.
Level annotation: Sigmund
There is a stone staircase leading up here.
You see here a +0 dagger.
There is a stone staircase leading down here.
You climb downwards.
There is a stone staircase leading up here.
A jackal comes into view.
Found a sapphire potion.
The jackal barks!
You hear a bark!
A kobold comes into view. It is wielding a +0 dagger.
A jackal comes into view.
The jackal moves out of view.
A bat comes into view.
A jackal comes into view.
The jackal bites you.
The jackal barks!
You hit the jackal. Your bite misses the jackal.
The jackal is lightly wounded.
You hear an angry hiss.
The jackal bites you but does no damage.
You barely miss the jackal. Your bite misses the jackal.
The jackal is lightly wounded.
The jackal bites you.
A frilled lizard comes into view.
You barely miss the jackal.
The jackal is lightly wounded.
The jackal barely misses you.
The kobold shouts!
You hit the jackal. You bite the jackal, but do no damage.
The jackal is almost dead.
The jackal closely misses you.
You hit the jackal.
You kill the jackal!
The bat hits you.
You swing at nothing.
You swing at nothing.
You swing at nothing.
You barely miss the jackal. The jackal closely misses you.
The jackal barely misses you.
You closely miss the jackal. You bite the jackal. You drain its power.
You feel invigorated.
The jackal is heavily wounded.
The jackal bites you but does no damage.
You closely miss the jackal. You bite the jackal.
You kill the jackal!
The jackal bites you.
You hit the jackal.
You kill the jackal!
You closely miss the kobold. The kobold hits you with a +0 dagger.
You barely miss the kobold. You bite the kobold. You drain its power.
The kobold is severely wounded.
The kobold closely misses you.
You barely miss the kobold.
The kobold is severely wounded.
The kobold hits you with a +0 dagger.
You closely miss the kobold. You bite the kobold, but do no damage.
The kobold is severely wounded.
The kobold hits you but does no damage.
You closely miss the kobold. You bite the kobold.
You kill the kobold!
The bat hits you but does no damage.
You barely miss the bat. The bat hits you but does no damage.
You swing at nothing.
The bat closely misses you.
You hit the bat but do no damage. Your bite misses the bat.
The bat closely misses you.
You hit the frilled lizard.
You kill the frilled lizard!
You barely miss the bat. Your bite misses the bat. The bat barely misses you.
You swing at nothing.
You barely miss the bat. The bat closely misses you.
You swing at nothing.
The bat hits you but does no damage.
You completely miss the bat. The bat hits you but does no damage.
The bat closely misses you.
You hit the bat.
You kill the bat!
Items here: ) †††††.
Items here: ) †††††.
Found a leather armour.
Found a shadowy altar of Dithmenos.
A bat comes into view.
f - a sapphire potion
There are no items here.
Found a gnarled glowing staff.
Found 14 gold pieces.
A hobgoblin comes into view.
You see here a book of Flames.
You pick up a book of Flames and begin reading...
You add the spells Inner Flame, Sticky Flame and Flame Wave to your library.
The bat hits you but does no damage. The bat barely misses you.
The hobgoblin shouts!
You hear an angry hiss.
The bat barely misses you. The bat closely misses you.
A ball python comes into view.
A quokka comes into view.
The bat hits you but does no damage.
You barely miss the bat. Your bite misses the bat.
The bat hits you but does no damage.
Found 9 gold pieces.
The bat hits you but does no damage.
You barely miss the bat. The bat barely misses you. The bat closely misses you.
You hit the bat. Your bite misses the bat.
The bat is moderately wounded.
The bat closely misses you. The bat attacks as you move away!
The bat barely misses you. x2
The bat attacks as you move away! The bat completely misses you.
The bat hits you but does no damage.
Items here: ) †††††.
The bat hits you but does no damage. The bat barely misses you.
The bat hits you but does no damage. The bat hits you.
You hit the bat.
You kill the bat!
You hit the hobgoblin. Your bite misses the hobgoblin.
The hobgoblin is almost dead.
The hobgoblin hits you.
You barely miss the hobgoblin.
The hobgoblin is almost dead.
You hit the hobgoblin.
You kill the hobgoblin!
You barely miss the ball python.
You bite the ball python, but do no damage.
The ball python barely misses you. The ball python misses you.
You hit the ball python but do no damage.
You punch the ball python.
The ball python is moderately wounded.
The ball python closely misses you. The ball python barely misses you.
You hit the ball python.
You kill the ball python!
You see here a bat corpse.
Magic restored.
Items here: ) †††††.
You now have 112 gold pieces (gained 9).
Found a stone staircase leading down.
A goblin comes into view. It is wielding a +0 club.
An adder comes into view.
You hit the goblin.
You kill the goblin!
Found a stone staircase leading down.
Things that are here:
a +0 club; a goblin corpse The adder hisses angrily.
You hit the adder. You bite the adder. You drain its power.
The adder is severely wounded.
The adder barely misses you.
You barely miss the adder. You bite the adder.
You kill the adder!
No target in view!
You see here an adder corpse.
A quokka is nearby!
No target in view!
No target in view!
You closely miss the quokka. You bite the quokka. You drain its power.
The quokka is severely wounded.
The quokka closely misses you.
You hit the quokka but do no damage.
The quokka is severely wounded.
The quokka bites you.
You miss the quokka.
The quokka is severely wounded.
The quokka misses you.
You closely miss the quokka. Your bite misses the quokka.
The quokka is severely wounded.
The quokka bites you.
You closely miss the quokka.
The quokka is severely wounded.
The quokka barely misses you.
You barely miss the quokka. You bite the quokka.
You kill the quokka!
An adder comes into view.
There is a shadowy altar of Dithmenos here.
You see here a staff of conjuration.
h - a staff of conjuration The helpless adder fails to defend itself.
You impale the adder!!
You kill the adder!
Your Short Blades skill increases to level 4!
You have reached level 5!
You now have 126 gold pieces (gained 14).
A bat comes into view.
Found 14 gold pieces.
The helpless bat fails to defend itself.
You impale the bat!!
You kill the bat!
You now have 140 gold pieces (gained 14).
Found a stone staircase leading up.
A goblin comes into view. It is wielding a +0 dagger.
The helpless goblin fails to defend itself.
You impale the goblin!!
You kill the goblin!
You see here a +0 dagger.
You now have 151 gold pieces (gained 11).
A kobold comes into view. It is wielding a +0 short sword.
Found a burning altar of Makhleb.
The kobold shouts!
The kobold closely misses you.
You barely miss the kobold. You bite the kobold, but do no damage.
The kobold hits you with a +0 short sword.
You hit the kobold.
You kill the kobold!
No target in view!
HP restored.
i - a scroll labelled ORIEREYXAI You see here a +0 dagger.
There is a stone staircase leading up here.
A goblin comes into view. It is wielding a +0 club.
Found a ring mail.
The goblin hits you with a +0 club.
You barely miss the goblin. The goblin hits you with a +0 club.
You closely miss the goblin. Your bite misses the goblin.
The goblin misses you.
You hit the goblin.
You kill the goblin!
No target in view!
Search for what [Enter for "d:", or ? for help]? d: HP restored.
Magic restored.
There is a stone staircase leading up here.
You climb upwards.
Level annotation: Sigmund
There is a stone staircase leading down here.
You see here a +0 dagger of speed.
l - a +0 dagger of speed
There is a stone staircase leading down here.
You climb downwards.
There is a stone staircase leading up here.
Adjust to which letter? (? for menu, Esc to quit)
a - a +0 dagger of speed;
l - a +0 short sword (weapon)
Your hands tingle!
a - a +0 dagger of speed (weapon)
A frilled lizard comes into view.
The helpless frilled lizard fails to defend itself.
You impale the frilled lizard!!
You kill the frilled lizard!
No target in view!
You see here a frilled lizard corpse.
Found a leather armour.
Found a stone staircase leading up.
A rat comes into view.
The helpless rat fails to defend itself.
You impale the rat!!
You kill the rat!
No target in view!
You see here a +0 leather armour.
An adder comes into view.
The adder hisses angrily.
You barely miss the adder. Your bite misses the adder. The adder misses you.
You hit the adder. You punch the adder. You bite the adder, but do no damage.
The adder is heavily wounded.
The adder bites you but does no damage.
You hit the adder. You bite the adder.
You kill the adder!
Your Stealth skill increases to level 5!
No target in view!
Things that are here:
a +0 club; a goblin corpse You see here a +0 ring mail.
Found a hazy altar of Hepliaklqana.
Things that are here:
a +0 club; a goblin corpse You see here a +0 leather armour.
Found a stone staircase leading down.
m - a puce potion You now have 162 gold pieces (gained 11).
You pick up a book of Changes and begin reading...
You add the spells Beastly Appendage, Wereblood and Spider Form to your library.
A quokka comes into view.
The helpless quokka fails to defend itself.
You impale the quokka!!
You kill the quokka!
No target in view!
You see here a +0 dagger.
There is a stone staircase leading down here.
Done exploring.
Done exploring.
There is a stone staircase leading down here.
You climb downwards.
There is a stone staircase leading up here.
b - 5 scrolls labelled ITUOGA ZETUKHO (gained 1)
A giant cockroach comes into view.
The giant cockroach waves its antennae.
The giant cockroach bites you but does no damage.
You closely miss the giant cockroach. You hit the giant cockroach.
You bite the giant cockroach, but do no damage.
The giant cockroach is heavily wounded.
The giant cockroach closely misses you.
You hit the giant cockroach.
You kill the giant cockroach!
No target in view!
You see here a giant cockroach corpse.
You open the door.
There is an open door here.
Found a staircase to the Ecumenical Temple.
Found a stone staircase leading down.
There is a staircase to the Ecumenical Temple here.
You climb downwards.
Welcome to the Ecumenical Temple!
Found six altars.
There is a staircase back to the Dungeon here.
Done exploring.
Done exploring.
Done exploring.
You climb upwards.
Welcome back to the Dungeon!
There is a staircase to the Ecumenical Temple here.
An ogre comes into view. It is wielding a +0 giant club.
Throw: 9 darts (poison)
Press: ? - help, Q - select action Shift-Dir - straight line, f - ogre
Aim: an ogre, wielding a +0 giant club (77% to hit)
You throw a poisoned dart. The poisoned dart hits the ogre.
The ogre is poisoned.
Throw: 8 darts (poison)
Press: ? - help, Q - select action Shift-Dir - straight line, f/p - ogre
Aim: an ogre, wielding a +0 giant club (poisoned, 77% to hit)
You throw a poisoned dart. The poisoned dart hits the ogre.
Throw: 7 darts (poison)
Press: ? - help, Q - select action Shift-Dir - straight line, f/p - ogre
Aim: an ogre, wielding a +0 giant club (lightly wounded, poisoned, 77% to hit)
You throw a poisoned dart.
The poisoned dart closely misses the ogre.
Throw: 6 darts (poison)
Press: ? - help, Q - select action Shift-Dir - straight line, f/p - ogre
Aim: an ogre, wielding a +0 giant club (lightly wounded, poisoned, 77% to hit)
You throw a poisoned dart. The poisoned dart hits the ogre.
The ogre looks even sicker.
The ogre is lightly wounded.
Unknown command.
You hit the ogre.
The ogre is severely wounded.
You hit the ogre. You bite the ogre. You drain its power.
The ogre is almost dead.
The ogre misses you.
You hit the ogre. You punch the ogre.
You kill the ogre!
You see here a +0 giant club.
g - 6 poisoned darts (gained 1)
An orc comes into view. It is wielding a +0 trident.
Found a stone staircase leading up.
A ball python comes into view.
The helpless orc fails to defend itself.
You spit the orc like a pig!!!
You kill the orc!
You see here a +0 trident.
There is a stone staircase leading up here.
The helpless ball python fails to defend itself.
You spit the ball python like a pig!!!
You kill the ball python!
No target in view!
g - 7 poisoned darts (gained 1)
g - 8 poisoned darts (gained 1)
g - 9 poisoned darts (gained 1)
k - 2 scrolls labelled EFAMASTR FYNA (gained 1)
You pick up a book of Decay and begin reading...
You add the spells Cigotuvi's Dreadful Rot, Dispel Undead and Death Channel to your library.
You see here a +0 trident.
There is a stone staircase leading up here.
Found a mace.
Found a transporter.
n - a wand of mindburst (7)
An iguana comes into view.
Found 11 gold pieces, a wooden wand and a falchion.
Found a wand of mindburst (17).
The helpless iguana fails to defend itself.
You spit the iguana like a pig!!!
You kill the iguana!
You have reached level 6!
An endoplasm comes into view.
The endoplasm quivers.
You hit the endoplasm but do no damage. You bite the endoplasm.
You drain its power.
The endoplasm is heavily wounded.
You hit the endoplasm but do no damage.
You bite the endoplasm, but do no damage.
The endoplasm is heavily wounded.
The endoplasm closely misses you.
You hit the endoplasm but do no damage.
The endoplasm is heavily wounded.
You hit the endoplasm.
You kill the endoplasm!
n - a wand of mindburst (24) (gained 17 charges)
A hobgoblin comes into view.
A hobgoblin is nearby!
Found a potion of curing.
The hobgoblin shouts!
The hobgoblin closely misses you.
You barely miss the hobgoblin. You bite the hobgoblin. You drain its power.
The hobgoblin is moderately wounded.
You closely miss the hobgoblin. You bite the hobgoblin.
You kill the hobgoblin!
No target in view!
o - a potion of curing
b - 6 scrolls labelled ITUOGA ZETUKHO (gained 1)
A ball python comes into view.
A gnoll comes into view. It is wielding a +0 club.
A gnoll and a jackal come into view.
The helpless gnoll fails to defend itself.
You stick the gnoll like a pincushion!!!
You kill the gnoll!
The helpless jackal fails to defend itself.
You stick the jackal like a pincushion!!!
You kill the jackal!
Found a leather armour.
The gnoll shouts!
The ball python hisses angrily.
The ball python bites you but does no damage.
The ball python barely misses you.
You hit the ball python. Your bite misses the ball python.
The ball python is severely wounded.
You hit the ball python but do no damage.
You bite the ball python.
You kill the ball python!
The gnoll throws a throwing net.
The throwing net barely misses you. The gnoll barely misses you.
You hit the gnoll but do no damage. You bite the gnoll. You drain its power.
The gnoll is moderately wounded.
The gnoll completely misses you.
You hit the gnoll but do no damage.
The gnoll is moderately wounded.
The gnoll splashes around in the water.
You barely miss the gnoll. Your bite misses the gnoll.
The gnoll is moderately wounded.
You barely miss the gnoll. Your bite misses the gnoll.
The gnoll is moderately wounded.
The gnoll hits you with a +0 spear!
You hit the gnoll.
The gnoll is moderately wounded.
You hit the gnoll.
The gnoll is heavily wounded.
The gnoll splashes around in the water.
You hit the gnoll. Your bite misses the gnoll.
The gnoll is almost dead.
You hit the gnoll.
You kill the gnoll!
You hear a splash.
Your Stealth skill increases to level 6!
You enter the shallow water.
Moving in this stuff is going to be slow.
Things that are here:
a +0 spear; a gnoll corpse You enter the shallow water.
Moving in this stuff is going to be slow.
Things that are here:
a +0 spear; a gnoll corpse
p - a throwing net You start waiting.
Done waiting.
Things that are here:
a +0 club; a gnoll corpse A goblin comes into view.
It is wielding a +0 dagger.
A hobgoblin and an iguana come into view.
The iguana bites you.
You closely miss the iguana. Your bite misses the iguana.
The iguana closely misses you.
You hit the iguana but do no damage. You hit the iguana but do no damage.
The iguana closely misses you.
You hit the iguana but do no damage. Your bite misses the iguana.
You hit the iguana but do no damage. Your bite misses the iguana.
The iguana bites you.
You closely miss the iguana. You hit the iguana.
The iguana is lightly wounded.
The iguana bites you.
You hit the iguana.
The iguana is heavily wounded.
You hit the iguana but do no damage. Your bite misses the iguana.
The iguana is heavily wounded.
The iguana barely misses you.
You hit the iguana but do no damage. You bite the iguana, but do no damage.
The iguana is heavily wounded.
You closely miss the iguana.
The iguana is heavily wounded.
The iguana bites you.
You hit the iguana.
The iguana is severely wounded.
You hit the iguana.
The iguana is almost dead.
The iguana bites you.
You hit the iguana. You punch the iguana, but do no damage.
The iguana is almost dead.
You hit the iguana but do no damage.
The iguana is almost dead.
The iguana bites you.
You closely miss the iguana. Your bite misses the iguana.
The iguana is almost dead.
You hit the iguana.
You kill the iguana!
You start resting.
HP restored.
You start resting.
Magic restored.
A goblin is nearby!
A dart slug comes into view.
A quokka, a steam dragon, 2 adders and a goblin come into view.
Found 34 gold pieces.
Found a stone staircase leading down.
The steam dragon hisses angrily.
The goblin shouts!
You hear a shout!
A hobgoblin comes into view.
The adder hisses angrily.
A goblin comes into view. It is wielding a +0 club.
The dart slug briefly extends its eye-stalks.
The goblin barely misses you. The goblin attacks as you move away!
The goblin closely misses you.
You closely miss the goblin. Your bite misses the goblin.
You barely miss the goblin. You hit the goblin.
You kill the goblin!
You barely miss the goblin. The goblin barely misses you.
You barely miss the goblin. You bite the goblin.
You kill the goblin!
The adder closely misses you.
You hit the adder but do no damage. You bite the adder, but do no damage.
You miss the adder. The adder bites you.
You are poisoned.
The adder poisons you!
You closely miss the adder. Your bite misses the adder.
You feel sick. The adder closely misses you.
You hit the adder. Your bite misses the adder.
The adder is moderately wounded.
You feel sick.
You hit the adder.
The adder is heavily wounded.
You feel sick. The adder completely misses you.
You hit the adder. You bite the adder. You drain its power.
You feel invigorated.
The adder is almost dead.
The adder bites you.
You closely miss the adder. You bite the adder, but do no damage.
The adder is almost dead.
You feel sick.
You miss the adder.
The adder is almost dead.
The adder bites you.
You are more poisoned.
The adder poisons you!
You hit the adder.
You kill the adder!
You feel sick.
You feel sick.
The goblin shouts!
You hear a shout!
The quokka barely misses you.
You see here a +0 dagger.
You feel sick. The quokka bites you.
You closely miss the quokka. You hit the quokka.
The quokka is moderately wounded.
You feel sick. The quokka closely misses you.
You barely miss the quokka.
The quokka is moderately wounded.
You hit the quokka but do no damage.
The quokka is moderately wounded.
You feel sick. The quokka barely misses you.
You hit the quokka.
The quokka is almost dead.
The quokka completely misses you.
You hit the quokka.
You kill the quokka!
You feel sick.
You hit the steam dragon but do no damage.
You bite the steam dragon. You drain its power.
You feel invigorated.
The steam dragon is lightly wounded.
You closely miss the steam dragon.
The steam dragon is lightly wounded.
You feel sick.
You are no longer poisoned.
The steam dragon breathes steam at you. The ball of steam hits you!
You hear a shout!
You hear an angry hiss.
You hear a shout!
The steam dragon bites you but does no damage.
The steam dragon claws you.
You see here a +0 club.
You hit the steam dragon.
You bite the steam dragon, but do no damage.
The steam dragon is lightly wounded.
You closely miss the steam dragon.
The steam dragon is lightly wounded.
You are engulfed in a cloud of scalding steam.
The steam dragon bites you.
The steam dragon claws you but does no damage.
Aiming: Mindburst
Press: ? - help, Shift-Dir - straight line, f - steam dragon
Aim: a steam dragon (lightly wounded, catching its breath, chance to affect: 67%)
The steam dragon's mind is blasted!
You are engulfed in a cloud of scalding steam.
You feel threatened and lose the ability to read scrolls!
You die...

Skill      XL: |  1  2  3  4  5  6 |
---------------+-------------------+-----
Short Blades   | 3 4 |  4.7
Stealth        | 3 4 5 6 |  6.1
Fighting       | |  2.6
Dodging        | |  2.4
Evocations     | |  0.7

Action                   |  1- 3 |  4- 6 || total
-------------------------+-------+-------++-------
Melee: Short sword       |    98 |    70 ||   168
       Bite              |    27 |    35 ||    62
       Punch             |     1 |     4 ||     5
       Dagger            |       |    74 ||    74
Throw: Dart              |       |     4 ||     4
Evoke: Wand              |       |     1 ||     1
  Use: Potion            |       |     3 ||     3
 Stab: Sleeping          |     3 |    12 ||    15
Armor: Robe              |     1 |       ||     1
       Ring mail         |    24 |    24 ||    48
Dodge: Dodged            |    53 |    69 ||   122

Levels and vault maps discovered:
D:1:      minmay_arrival_cross, layout_basic, minmay_misc_feat_enclosed,
          minmay_ruptured
D:2:      cheibrodos_pilgrimage, layout_basic, chequers_ecumenical_altar_island,
          minmay_misc_feat_diagonals, kennysheep_cluttered_room,
          grunt_ministairs_10, minmay_heptomino_l4, uniq_sigmund
D:3:      layout_rooms, lemuel_coloured_pillars_altar,
          nicolae_hepliaklqana_hippocampus, nicolae_dithmenos_shadow_blocks
D:4:      layout_basic, nicolae_overflow_hidden_temple,
          minmay_temple_entry_crystal_x, gammafunk_ghost_smash, nzn_random_ring
Temple:   hellmonk_temple_micro_hex

Notes
Turn   | Place    | Note
-------+----------+-------------------------------------------
     0 | D:1      | scionoferis the Vine Stalker Monk began the quest for the
                  | Orb.
     0 | D:1      | Reached XP level 1. HP: 11/11 MP: 2/2
   123 | D:1      | Reached skill level 3 in Short Blades
   123 | D:1      | Reached skill level 3 in Stealth
   123 | D:1      | Reached XP level 2. HP: 16/16 MP: 3/3
   774 | D:2      | Reached XP level 3. HP: 19/19 MP: 4/4
   989 | D:2      | Reached skill level 4 in Stealth
  1044 | D:2      | Gained mutation: Your natural rate of healing is unusually
                  | fast. [Vine Stalker growth]
  1044 | D:2      | Reached XP level 4. HP: 19/23 MP: 5/5
  1375 | D:2      | Found a faded altar of an unknown god.
  1404 | D:2      | Noticed Sigmund
  1407 | D:2      | Gained mutation: You occasionally lose the ability to read
                  | scrolls when taking damage. [potion of mutation]
  1407 | D:2      | Gained mutation: You have a somewhat thin skeletal
                  | structure. (Dex +2, Stealth+) [potion of mutation]
  1562 | D:3      | Found a shadowy altar of Dithmenos.
  1669 | D:3      | Reached skill level 4 in Short Blades
  1669 | D:3      | Reached XP level 5. HP: 27/27 MP: 6/6
  1731 | D:3      | Found a burning altar of Makhleb.
  1939 | D:3      | Reached skill level 5 in Stealth
  1978 | D:3      | Found a hazy altar of Hepliaklqana.
  2246 | D:4      | Found a staircase to the Ecumenical Temple.
  2255 | Temple   | Entered the Ecumenical Temple
  2269 | D:4      | Noticed an ogre
  2282 | D:4      | Killed an ogre
  2357 | D:4      | Found a transporter.
  2362 | D:4      | Noticed an ogre
  2369 | D:4      | Reached XP level 6. HP: 32/32 MP: 7/7
  2437 | D:4      | Reached skill level 6 in Stealth
  2597 | D:4      | Noticed a steam dragon
  2631 | D:4      | Engulfed by a steam dragon's steam

Vanquished Creatures
  An ogre (D:4)
  2 iguanas (D:4)
  2 gnolls (D:4)
  8 adders (D:2 D:3 D:4)
  A worm (D:2)
  2 orcs (D:2 D:4)
  9 ball pythons (D:1 D:2 D:3 D:4)
  7 bats (D:1 D:2 D:3)
  6 endoplasms (D:1 D:2 D:4)
  A giant cockroach (D:4)
  9 goblins (D:1 D:2 D:3 D:4)
  6 hobgoblins (D:1 D:2 D:3 D:4)
  4 jackals (D:3 D:4)
  8 kobolds (D:1 D:2 D:3)
  4 quokkas (D:1 D:3 D:4)
  5 frilled lizards (D:1 D:2 D:3)
  6 rats (D:1 D:2 D:3)
81 creatures vanquished.

Table legend: (Time is in decaauts)
 A = Elapsed time spent in this place.
 B = Non-inter-level travel time spent in this place.
 C = Inter-level travel time spent in this place.
 D = Time resting spent in this place.
 E = Time spent auto-exploring this place.
 F = Levels seen in this place.
 G = Mean time per level.
                   A        B        C        D        E       F      G
               +--------+--------+--------+--------+--------+-----+--------+
         Total |   2567 |   2412 |    155 |    122 |   1617 |   5 |  513.4 |
       Dungeon |   2565 |   2410 |    155 |    122 |   1617 |   4 |  641.2 |
        Temple |      1 |      1 |      0 |      0 |      0 |   1 |    1.0 |
               +--------+--------+--------+--------+--------+-----+--------+

Top non-repeatable levels by time:
     D:1: 782 daAuts
     D:2: 719 daAuts
     D:3: 663 daAuts
     D:4: 400 daAuts
  Temple: 1 daAuts

Table legend:
 A = Non-vault XP
 B = Vault XP
 C = Vault XP percentage of total XP
 D = Non-vault monster count
 E = Vault monster count
 F = Vault count percentage of total count
                 A         B        C        D         E       F
            +---------+---------+-------+---------+---------+-------
      Total |     339 |      95 |  21.9 |      68 |      13 |  16.0
            +---------+---------+-------+---------+---------+-------
        D:1 |      29 |       2 |   6.5 |      19 |       1 |   5.0
        D:2 |      83 |       6 |   6.7 |      21 |       3 |  12.5
        D:3 |      69 |       0 |   0.0 |      21 |       0 |   0.0
        D:4 |     158 |      87 |  35.5 |       7 |       9 |  56.2
            +---------+---------+-------+---------+---------+-------
